 Dungeon Crawl Stone Soup version 0.28-a0-851-g8b9cc49659 (webtiles) character file.

Game seed: 6366097321953778796

44 mandarbmax the Stinger (level 3, 0/23 (24) HPs)
             Began as a Demonspawn Venom Mage on Nov 14, 2021.
             Slain by an adder (1 damage)
             ... on level 2 of the Dungeon on Nov 15, 2021.
             The game lasted 00:05:14 (2407 turns).

mandarbmax the Stinger (Demonspawn Venom Mage)      Turns: 2407, Time: 00:05:15

HP:   0/23 (24)     AC:  4    Str:  8    XL:     3   Next: 39%
MP:   0/6           EV: 12    Int: 17    God:
Gold: 35            SH:  0    Dex: 13    Spells: 3/6 levels left

rFire   . . .      SeeInvis .   e - +0 short sword
rCold   . . .      Faith    .   (no shield)
rNeg    . . .      Spirit   .   a - +0 robe
rPois   .          Reflect  .   (no helmet)
rElec   .          Harm     .   (no cloak)
rCorr   .          Rampage  .   (no gloves)
Will    .....                   (no boots)
Stlth   ++........              (no amulet)
HPRegen 0.07/turn               (no ring)
MPRegen 0.10/turn               (no ring)

@: lethally poisoned (0 -> -5), lightly drained
A: slimy green scales 1
a: no special abilities


You were on level 2 of the Dungeon.
You visited 1 branch of the dungeon, and saw 3 of its levels.

You collected 35 gold pieces.

Inventory:

Hand Weapons
 e - a +0 short sword (weapon)
Armour
 a - a +0 robe (worn)
Scrolls
 b - a scroll of noise {unknown}
 c - a scroll of identify {unknown}
 d - a scroll of blinking {unknown}


   Skills:
 + Level 0.0 Fighting
 - Level 2.0 Dodging
 - Level 1.7 Stealth
 - Level 2.1 Spellcasting
 - Level 1.0 Transmutations
 - Level 1.1 Air Magic
 - Level 3.9 Poison Magic


You had 3 spell levels left.
You knew the following spells:

 Your Spells              Type           Power      Damage    Failure   Level
a - Sting                 Tmut/Pois      40%        1d5       7%          1
b - Poisonous Vapours     Pois/Air       20%        N/A       10%         2

Your spell library contained the following spells:

 Spells                   Type           Power      Damage    Failure   Level
 Mephitic Cloud           Conj/Pois/Air  7%         N/A       28%         3
 Olgreb's Toxic Radiance  Pois           15%        N/A       36%         4


Dungeon Overview and Level Annotations

Branches:
Dungeon (3/15)

Altars:


Innate Abilities, Weirdness & Mutations

You are partially covered in slimy green scales. (AC +2)


Message History

Casting: Sting (safe; 7% risk of failure)
Confirm with . or Enter, or press ? or * to list all spells.
Aiming: Sting (safe; 7% risk of failure)
Press: ? - help, Shift-Dir - straight line, f/p - adder
Aim: an adder (heavily wounded, very poisoned, 53% to hit)
The sting misses the adder.
You feel sick.
You are no longer poisoned.
The adder misses you.
Unknown command.
You hit the adder but do no damage.
The adder is heavily wounded.
The adder bites you. The adder completely misses you.
You barely miss the adder.
The adder is severely wounded.
The adder closely misses you.
You barely miss the adder.
The adder is severely wounded.
The adder bites you.
You are poisoned.
The adder poisons you!
You hit the adder but do no damage.
The adder is almost dead.
* * * LOW HITPOINT WARNING * * *
You feel sick. The adder bites you.
* * * LOW HITPOINT WARNING * * *
You are lethally poisoned!
The adder poisons you! The adder closely misses you.
You aren't carrying any potions.
You aren't carrying any potions.
Okay, then.
There are no items here.
You barely miss the adder.
The adder is almost dead.
* * * LOW HITPOINT WARNING * * *
You feel sick. The adder barely misses you.
You hit the adder but do no damage.
The adder is almost dead.
* * * LOW HITPOINT WARNING * * *
You feel sick. The adder barely misses you. The adder bites you.
You die...

#........#.#. .[#
#.#.####.#... ... #.#
#.....# #...
#.###.##..# .....
##.##..##..# #...#
###..)..##....
#..#####....####.....
#..S.....##.# #..#...
##..@######.###.##...
#.....# #.....##.).
#.##.... #..####....
#.. #.##..##.##
#..### ... #.#
.......##.## # ..#
#.. ###.#....# # .#
..# ##.##...#### #.#
#.....#.....
.).###...###


You could see an adder (poisoned).

Vanquished Creatures
  An adder (D:3)
  A dart slug (D:1)
  An orc (D:3)
  An endoplasm (D:2)
  3 giant cockroaches
  4 goblins
  4 hobgoblins
  4 kobolds
  A quokka (D:2)
  2 ball pythons
  3 bats
  5 frilled lizards
  A spectral goblin (D:3)
31 creatures vanquished.

Notes
Turn   | Place    | Note
-------+----------+-------------------------------------------
     0 | D:1      | mandarbmax the Demonspawn Venom Mage began the quest for
                  | the Orb.
     0 | D:1      | Reached XP level 1. HP: 13/13 MP: 3/3
    47 | D:1      | Reached skill level 1 in Transmutations
   446 | D:1      | Gained mutation: You are partially covered in slimy green
                  | scales. (AC +2) [demonic ancestry]
   446 | D:1      | Reached XP level 2. HP: 19/19 MP: 1/5
   512 | D:1      | Learned a level 2 spell: Poisonous Vapours
  1646 | D:2      | You fall into a shaft and drop 1 floor!
  1696 | D:3      | Found a faded altar of an unknown god.
  1801 | D:3      | Reached skill level 1 in Air Magic
  1801 | D:3      | Reached XP level 3. HP: 21/23 MP: 0/6
  2407 | D:2      | HP: 1/23 [poisoned by an adder]
  2407 | D:2      | Slain by an adder

Illustrated notes

Levels and vault maps discovered:
D:1:      dpeg_arrival_shelter, layout_basic
D:2:      minmay_chambers_of_ones, layout_rooms
D:3:      layout_basic, dreamdust_ecumenical_altar_drowned_temple, st_stairs_2

Skill      XL: |  1  2 |
---------------+-------+-----
Transmutations | 1 |  1.0
Dodging        | 2 |  2.0
Air Magic      | 1 |  1.1
Stealth        | |  1.7
Spellcasting   | |  2.1
Poison Magic   | |  3.9

Action                   || total
-------------------------++-------
Melee: Unarmed           ||    16
       Short sword       ||    29
 Cast: Sting             ||    40
       Poisonous Vapours ||    25
  Use: Potion            ||     2
       Scroll            ||     1
Armor: Robe              ||    20
Dodge: Dodged            ||    67

Table legend: (Time is in decaauts)
 A = Elapsed time spent in this place.
 B = Non-inter-level travel time spent in this place.
 C = Inter-level travel time spent in this place.
 D = Time resting spent in this place.
 E = Time spent auto-exploring this place.
 F = Levels seen in this place.
 G = Mean time per level.
                   A        B        C        D        E       F      G
               +--------+--------+--------+--------+--------+-----+--------+
         Total |   2412 |   2382 |     30 |    282 |   1714 |   3 |  804.0 |
       Dungeon |   2412 |   2382 |     30 |    282 |   1714 |   3 |  804.0 |
               +--------+--------+--------+--------+--------+-----+--------+

Top non-repeatable levels by time:
     D:1: 1572 daAuts
     D:3: 583 daAuts
     D:2: 256 daAuts
